[Event "17th Paracin Open 2024"]
[Site "Paracin"]
[Date "2024.07.06"]
[Round "4.12"]
[White "Atalik, Suat"]
[Black "Bashirli, Nail"]
[Result "1-0"]
[ECO "E32"]
[WhiteElo "2450"]
[BlackElo "2327"]
[Annotator "TA"]
[PlyCount "87"]
[EventDate "2024.07.02"]
[EventType "swiss"]
[EventCountry "SRB"]
[SourceTitle "playchess.com"]
[Source "ChessBase"]
[SourceQuality "1"]
[TimeControl "5400+30"]

1. d4 Nf6 2. c4 e6 3. Nc3 Bb4 4. Qc2 d6 5. e3 O-O 6. Nge2 b6 7. a3 Bxc3+ 8. Nxc3 {[%emt 0:00:09] White is slightly better.} Bb7 9. f3 c5 10. dxc5 bxc5 11. Be2 Qe7 12. O-O d5 13. Rd1 Rd8 14. Na4 {[%emt 0:04:17] And now cxd5 would win.} Nbd7 15. Bd2 Ba6 16. Ba5 Rdc8 17. b3 Rab8 18. Be1 Nb6 19. Bg3 Rb7 20. Nxb6 Rxb6 21. Rab1 Rd8 22. Be5 Ne8 23. Bd3 h6 24. Qc3 Qg5 25. Bf4 {[%emt 0:04:08] This pair of bishops is nice.} Qe7 26. Bc2 (26. Rbc1 {simplifies} dxc4 27. Bxc4 Bxc4 28. Qxc4 Rxd1+ 29. Rxd1 e5 30. Bg3) 26... dxc4 {[%emt 0:00:40] [#]} (26... Nd6 $11 {remains equal.}) 27. Rxd8 $1 $16 ({Don't play} 27. bxc4 f6 $14) 27... Qxd8 28. Rd1 (28. bxc4 $2 {loses.} Rxb1+ 29. Bxb1 Qd1+ 30. Kf2 Qxb1 $19) 28... Qf6 29. Be5 {[%emt 0:00:41] White is much more active.} Qh4 30. bxc4 Qxc4 31. Qxc4 (31. Bxg7 {feels hotter.} h5 32. h4 Rd6 33. Qxc4 Bxc4 34. Be5) 31... Bxc4 32. Ba4 (32. Rd8 $16 Bb5 33. a4) 32... f6 $1 $11 33. Bxe8 fxe5 {[%emt 0:00:19][%mdl 4096] Endgame. KRB-KRB} 34. Bg6 Rb8 {[%emt 0:00:48] Wards off Rd8+} (34... Kf8 $1 $11 {keeps the balance.}) 35. Rc1 $16 Ba6 36. Rxc5 Kf8 (36... Rc8 $16 37. Ra5 (37. Rxe5 Bc4 $16) 37... Rc6 38. Rxe5 Bc4) 37. Rxe5 $18 Ke7 {[%emt 0:00:23] [#]} 38. Ra5 $1 Rb6 39. h4 Kf6 40. h5 Rd6 (40... e5 {was worth a try.} 41. a4 Rd6) 41. e4 {[%emt 0:01:24][%cal Be3e4,Be4e5][%mdl 32] White wants to mate with e5+.} Rd1+ (41... Ke7 $142 42. Kh2 Kd7) 42. Kh2 {[%emt 0:00:24] White is clearly winning.} Bf1 43. e5+ Ke7 44. Rxa7+ {[%emt 0:00:06] Weighted Error Value: White=0.07 (flawless) /Black=0.23 (precise) .  Mistake:       	White=1     	Black=5      Inaccurate:     	White=1     	Black=2      OK:         	White=18    	Black=13     Best:        	White=2     	Black=1      Strong:       	White=2     	Black=1} 1-0

[Event "17th Paracin Open 2024"]
[Site "Paracin"]
[Date "2024.07.06"]
[Round "4.13"]
[White "Ristic, Luka"]
[Black "Radovanovic, Nikola"]
[Result "0-1"]
[ECO "C78"]
[WhiteElo "2318"]
[BlackElo "2441"]
[Annotator "RC"]
[PlyCount "56"]
[EventDate "2024.07.02"]
[EventType "swiss"]
[EventCountry "SRB"]
[SourceTitle "playchess.com"]
[Source "ChessBase"]
[SourceQuality "1"]
[TimeControl "5400+30"]

1. e4 e5 2. Nf3 Nc6 3. Bb5 a6 4. Ba4 Nf6 5. O-O b5 6. Bb3 Bc5 7. c3 d6 8. d4 Bb6 9. Be3 O-O 10. h3 exd4 11. cxd4 Nxe4 12. Bd5 Qe8 13. Bg5 Nxg5 14. Nxg5 Bf5 15. Qh5 Qd7 16. Rc1 Nxd4 17. Bxa8 Bg6 18. Qd1 Rxa8 19. Nc3 Re8 20. a3 h6 21. Nf3 Bh5 22. Nd5 Nxf3+ 23. gxf3 Qxh3 24. Qf1 Qh4 25. Qg2 Re5 26. Nxb6 Rg5 27. Rxc7 Bxf3 28. Qxg5 Qh1# 0-1

[Event "17th Paracin Open 2024"]
[Site "Paracin"]
[Date "2024.07.06"]
[Round "4.14"]
[White "Sedlak, Nikola"]
[Black "Bicer, Atakan Mert"]
[Result "1/2-1/2"]
[ECO "A11"]
[WhiteElo "2426"]
[BlackElo "2313"]
[Annotator "TA"]
[PlyCount "107"]
[EventDate "2024.07.02"]
[EventType "swiss"]
[EventCountry "SRB"]
[SourceTitle "playchess.com"]
[Source "ChessBase"]
[SourceQuality "1"]
[TimeControl "5400+30"]

1. Nf3 Nf6 2. g3 d5 3. Bg2 Bf5 4. O-O e6 5. c4 c6 6. Qb3 Qb6 7. d3 Nbd7 8. cxd5 Qxb3 9. axb3 {[%emt 0:00:09] [#] dxc6 would now be deadly.} exd5 10. Bd2 Bc5 {[%emt 0:08:58] Dodges Nd4} 11. b4 Bb6 12. Bc3 O-O 13. Nbd2 Rfe8 14. Rfe1 Bg6 15. Nb3 Re7 16. Nh4 Rae8 17. Nxg6 hxg6 18. e3 Nf8 19. h4 Ne6 20. b5 cxb5 21. Bxf6 gxf6 22. Bxd5 Rd8 23. Bxe6 fxe6 24. d4 e5 25. dxe5 Rxe5 26. Rec1 Rd3 27. Nd4 a6 28. Rc8+ Kf7 29. Nf3 Rc5 30. Rxc5 Bxc5 $11 {[%emt 0:00:07][%mdl 4096] Endgame. KRB-KRN} 31. Kf1 Bb6 32. Ke2 Rb3 33. Ra2 a5 34. Nd2 Rb4 35. Kd3 f5 36. b3 a4 37. Rc2 Bd8 38. Rc8 Ke8 39. Rb8 (39. Kc3 $5 Rg4 $8 40. Rb8 $14) 39... b6 40. Rb7 (40. Kc3 $5 Rg4 $8 41. e4 $14) 40... Rg4 41. bxa4 Rxa4 (41... bxa4 $2 {loses.} 42. Nc4 $18) 42. Rg7 Bf6 43. Rg8+ Kf7 {[%emt 0:00:46] The position is equal.} 44. Rb8 Ra3+ 45. Ke2 Ra6 46. Rc8 b4 47. Rc7+ Be7 48. Nb3 Ra2+ 49. Kf3 Ra3 50. Nd4 Ke8 51. h5 gxh5 {[%emt 0:00:23] Threatens to win with ...Bc5.} 52. Nxf5 Bf8 53. Rc8+ Kf7 54. Rc7+ {[%emt 0:01:01] Weighted Error Value: White=0.04 (flawless) /Black=0.05 (flawless) .  Inaccurate:     	White=3     	Black=3      OK:         	White=25    	Black=18     Best:        	---       	Black=2} 1/2-1/2

[Event "17th Paracin Open 2024"]
[Site "Paracin"]
[Date "2024.07.06"]
[Round "4.15"]
[White "Agibileg, Uurtsaikh"]
[Black "Devnani Kush"]
[Result "1-0"]
[ECO "E53"]
[WhiteElo "2441"]
[BlackElo "2250"]
[Annotator "TA"]
[PlyCount "67"]
[EventDate "2024.07.02"]
[EventType "swiss"]
[EventCountry "SRB"]
[SourceTitle "playchess.com"]
[Source "ChessBase"]
[SourceQuality "1"]
[TimeControl "5400+30"]

1. d4 Nf6 2. c4 e6 3. Nc3 Bb4 4. e3 O-O 5. Bd3 d5 6. a3 Bxc3+ 7. bxc3 dxc4 8. Bxc4 c5 9. Nf3 Qc7 10. Be2 cxd4 11. cxd4 b6 12. O-O Ba6 {[%emt 0:00:08] The position is equal.} 13. Bb2 Bxe2 14. Qxe2 Nbd7 15. e4 Rfc8 16. Rfc1 {[%emt 0:02:58] Wards off Qc2} Qb7 17. Re1 b5 18. Rad1 Rab8 19. h3 b4 20. axb4 Qxb4 21. Ba1 Rc4 22. Qd3 Rbc8 23. Rb1 {[%emt 0:00:00] Dodges a5} Qa5 24. Red1 h6 25. Nd2 Rc2 26. d5 (26. Nf1 {simplifies} Ra2 27. Bb2 Qa6 28. Qxa6 Rxa6 29. f3) 26... exd5 ({Black should play} 26... e5 $11) 27. e5 $1 $14 Ne8 28. Nb3 {[%emt 0:00:00][%mdl 1024] White has compensation.} Qa2 29. Qf5 {[%emt 0:00:00][%cal Ob3d4] Strongly threatening Nd4!} Nf8 {[%emt 0:00:00] ...Rb8 is the strong threat.} 30. Nd4 $1 g6 {[%emt 0:01:30] [#] A mistake that costs the game.} (30... R2c7 $1 $11 {and Black is okay.}) 31. Qf4 $1 $36 {[%emt 0:02:30][%mdl 2048] White has strong initiative.} R8c4 (31... g5 {was worth a try.} 32. Qf3 R2c7) 32. Rb7 ({Less strong is} 32. Qxh6 Rxf2 33. Qg5 Ng7 $16) (32. Qe3 Nc7 33. e6 (33. Nxc2 Rxc2 34. Rb7 Nce6 $18) 33... Ncxe6 34. Nxe6 (34. Nxc2 Rxc2 35. Rb8 Rc4 $18) 34... Nxe6 $18) 32... Nc7 $2 (32... Rc7 33. Rb8 g5) 33. e6 (33. Qxh6 $2 {is the wrong capture.} Rxf2 34. Qg5 Nce6 $19) 33... Nfxe6 34. Rb8+ {[%emt 0:01:00] Weighted Error Value: White=0.08 (flawless) /Black=0.42.  Mistake:       	---       	Black=4      Inaccurate:     	---       	Black=1      OK:         	White=9     	Black=10     Best:        	White=1     	---        Strong:       	White=3     	---} 1-0

[Event "17th Paracin Open 2024"]
[Site "Paracin"]
[Date "2024.07.06"]
[Round "4.16"]
[White "Albers, Sasa"]
[Black "Harsh Suresh"]
[Result "0-1"]
[ECO "C78"]
[WhiteElo "2309"]
[BlackElo "2426"]
[Annotator "TA"]
[PlyCount "84"]
[EventDate "2024.07.02"]
[EventType "swiss"]
[EventCountry "SRB"]
[SourceTitle "playchess.com"]
[Source "ChessBase"]
[SourceQuality "1"]
[TimeControl "5400+30"]

1. e4 e5 2. Nf3 Nc6 3. Bb5 a6 4. Ba4 Nf6 5. O-O b5 6. Bb3 Bc5 7. a4 Rb8 8. Nxe5 Nxe5 9. d4 Bxd4 {[%emt 0:00:20] White is slightly better.} 10. Qxd4 d6 11. axb5 axb5 12. f4 Nc6 13. Qc3 {[%emt 0:00:14] [#] Black must now prevent e5.} Ne7 14. e5 Ne4 15. Qe1 Nc5 16. Ba2 {[%emt 0:00:33][%cal Of4f5] f5! would now be deadly.} O-O 17. Be3 Bf5 18. b4 Ne6 19. c3 dxe5 20. fxe5 Bd3 21. Rf2 Bc4 22. Bxc4 bxc4 23. Na3 Qd5 24. Rd1 Qc6 25. Qe2 Nd5 26. Qf3 Rbd8 {[%emt 0:00:12][%cal Od5e3] [#] Hoping for ...Nxe3!} 27. Nc2 Qa8 28. Bd4 h6 29. h4 Rd7 30. Rfd2 (30. Bc5 {seems wilder.} Re8 31. Ne3 Nb6 32. Qxa8 Rxd1+ 33. Nxd1 Rxa8 34. Bxb6 cxb6 35. Ne3) 30... Rfd8 31. Ne3 Nxe3 32. Qxa8 Rxa8 33. Bxe3 Rxd2 34. Rxd2 $11 {[%emt 0:00:24][%mdl 4096] Endgame. KRB-KRN} Ra3 35. Rc2 Kh7 36. g4 c6 37. Kf2 Nc7 38. Bc1 Ra8 39. Ke3 Nb5 40. Rf2 Re8 41. Rxf7 Rxe5+ 42. Kf4 $2 (42. Kf3 $11) 42... Re1 {[%emt 0:00:12] Weighted Error Value: White=0.24 (precise) /Black=0.04 (flawless) .  Loses game:     	White=1     	---        Inaccurate:     	White=3     	---        OK:         	White=19    	Black=15     Best:        	---       	Black=2} 0-1

[Event "17th Paracin Open 2024"]
[Site "Paracin"]
[Date "2024.07.06"]
[Round "4.17"]
[White "Pranav K P"]
[Black "Eren, Ataberk"]
[Result "1-0"]
[ECO "E42"]
[WhiteElo "2223"]
[BlackElo "2407"]
[Annotator "TA"]
[PlyCount "69"]
[EventDate "2024.07.02"]
[EventType "swiss"]
[EventCountry "SRB"]
[SourceTitle "playchess.com"]
[Source "ChessBase"]
[SourceQuality "1"]
[TimeControl "5400+30"]

1. d4 Nf6 2. c4 e6 3. Nc3 Bb4 4. e3 c5 5. Nge2 cxd4 6. exd4 O-O 7. a3 Be7 8. Nf4 d5 9. Be3 dxc4 10. Bxc4 a6 11. O-O {[%emt 0:06:35] White has an edge.} Bd6 {[%emt 0:02:01] Strongly threatening ...Qc7.} 12. Bb3 Nc6 13. d5 exd5 14. Nfxd5 {[%emt 0:04:46] aiming for Bb6.} (14. Ncxd5 {is interesting.} Ng4 15. Bb6 Qh4 16. h3) 14... Ng4 15. Bf4 Bxf4 16. Nxf4 Qh4 (16... Qg5 {simplifies} 17. Ncd5 Nf6 18. g3 Nxd5 19. Bxd5 Qf6) 17. h3 Nge5 $132 {[%emt 0:04:09][%mdl 2048] Black is not keeping still} 18. Ncd5 Bf5 19. Qh5 Qxh5 20. Nxh5 Rad8 21. Rfe1 Nd3 22. Ne7+ (22. Re3 $5) 22... Nxe7 23. Rxe7 Bg6 24. Ng3 b5 25. Ra7 ({Better is} 25. a4 $11) 25... Rd6 (25... Ra8 $1 $15 26. Rxa8 Rxa8) 26. Rd1 $11 {[%emt 0:01:30] And now f4 would win.} Rfd8 $2 {[%emt 0:09:38] [#] This costs Black the game.} (26... Rdd8 $11 {and Black stays safe.}) 27. f4 $1 $18 {[%emt 0:02:04][%cal Bf2f4,Bf4f5][%mdl 544] f5 would now be deadly.} h6 28. f5 Bh7 29. Bxf7+ Kf8 30. Be6 {[%emt 0:01:55] Prevents R6d7} Bg8 $2 (30... Ne5 31. Re1 Rd1 32. Rxd1 Rxd1+ 33. Nf1 Re1) 31. Nh5 {[%emt 0:04:50] White is clearly winning.} Re8 32. Nf4 Bxe6 33. Nxe6+ Kg8 34. Rxg7+ Kh8 35. Rg3 {[%emt 0:00:09] Weighted Error Value: White=0.17 (very precise) /Black=0.45.  Loses game:     	---       	Black=1      Mistake:       	White=1     	Black=2      OK:         	White=7     	Black=9      Best:        	White=1     	Black=2      Brilliant:      	White=1     	---} 1-0

[Event "17th Paracin Open 2024"]
[Site "Paracin"]
[Date "2024.07.06"]
[Round "4.18"]
[White "Pasti, Aron"]
[Black "Jiang, Qinyu"]
[Result "1/2-1/2"]
[ECO "B33"]
[WhiteElo "2402"]
[BlackElo "2246"]
[Annotator "TA"]
[PlyCount "71"]
[EventDate "2024.07.02"]
[EventType "swiss"]
[EventCountry "SRB"]
[SourceTitle "playchess.com"]
[Source "ChessBase"]
[SourceQuality "1"]
[TimeControl "5400+30"]

1. e4 c5 2. Nf3 Nc6 3. d4 cxd4 4. Nxd4 Nf6 5. Nc3 e5 6. Ndb5 d6 7. Nd5 Nxd5 8. exd5 Nb8 9. a4 Be7 10. Be2 O-O 11. Bd2 Nd7 12. a5 f5 13. O-O a6 14. Na3 e4 15. Nc4 Ne5 16. Nb6 Rb8 17. f4 $36 {[%emt 0:00:06][%mdl 2048] Black is under pressure.} exf3 18. Bxf3 f4 19. c4 Bf6 20. Be4 {[%emt 0:02:47] Prevents Nd3} Ng4 $2 (20... Bg4 $11 {and Black is okay.} 21. Qc2 f3) 21. Bxf4 $18 (21. Rxf4 $2 Bd4+ 22. Kf1 (22. Kh1 $2 Rxf4 $19) 22... Nxh2+ 23. Ke2 Rxf4 (23... Bxb2 $2 24. Bxh7+ Kh8 25. Nxc8 $19) (23... Bg4+ $2 24. Rxg4 Nxg4 25. Qh1 $19) 24. Bxf4 Bg4+ (24... Bxb2 25. Nxc8 Bxa1 26. Bf5 $15) (24... Bxb6 $2 25. axb6 Bg4+ 26. Bf3 $19) 25. Kd3 Bxd1 $19) 21... Bxb2 {[%emt 0:00:06] [#]} 22. Bxh7+ $1 Kh8 (22... Kxh7 23. Qc2+) 23. Ra2 Qf6 {[%emt 0:06:23] [#]} (23... Be5 $18 24. Bxe5 Rxf1+ 25. Qxf1 Nxe5) 24. Rxb2 $1 $16 Qxb2 {[%emt 0:00:02] [#]} 25. Bb1 {[%emt 0:00:01] Some like it hot. This pair of bishops is nice.} (25. Bxd6 $2 Rxf1+ 26. Qxf1 Qd4+ 27. Kh1 Nf2+ 28. Kg1 Ne4+ 29. Kh1 Nxd6 $19) (25. Nxc8 $1 $16 Rbxc8 26. Bb1) 25... Bf5 $14 26. Bxf5 (26. Bxd6 $2 Be4 $19) 26... Rxf5 27. Qxg4 Qd4+ 28. Kh1 Rbf8 29. g3 {[%emt 0:00:22] Hoping for Re1.} (29. Nc8 $5 R5f6 (29... Rxf4 30. Qh5+ Kg8 31. Ne7#) 30. Ne7 $14) 29... g5 {[%emt 0:00:48] The position is equal.} 30. Nd7 R8f7 31. Re1 {[%emt 0:00:48] Against Qe4+} Qf2 $1 32. Qh3+ Kg7 33. Re6 {[%emt 0:00:02] Intending Qh6+ and mate.} ({Wrong is} 33. Rf1 $2 Qe2 34. Qg2 (34. Be5+ $2 dxe5 35. Rxf5 Qe4+ 36. Qg2 Qxf5 $19) 34... Qxg2+ (34... Qxc4 35. Nb6 $19) 35. Kxg2 Rxd7 $19 (35... gxf4 $2 36. Nb6 $19)) (33. Re8 $5 Qf3+ $8 34. Kg1 Qd1+ 35. Kg2 Qc2+ 36. Kh1 Qb1+ 37. Kg2 Qa2+ 38. Kh1 (38. Kf3 Rxf4+ 39. gxf4 Rxf4+ 40. Ke3 Qb3+ 41. Ke2 Qb2+ 42. Ke1 Qf2+ 43. Kd1 Rd4+ 44. Kc1 Rxc4+) 38... Qb1+ 39. Kg2 Qb2+ 40. Kg1 (40. Kf3 Rxf4+ 41. gxf4 Rxf4+ 42. Ke3 Qd4+ 43. Ke2 Rf2+ 44. Ke1 Qd2#) 40... Qa1+ 41. Kg2 Qa2+ 42. Kh1 (42. Kf3 Rxf4+ 43. gxf4 Rxf4+ 44. Ke3 Qb3+ 45. Ke2 Qb2+ 46. Ke1 Qf2+ 47. Kd1 Rd4+ 48. Kc1 Rxc4+) 42... Qa1+ 43. Kg2 Qa2+ $11) 33... Qf3+ 34. Kg1 Qd1+ 35. Kg2 $1 {[%emt 0:00:04] White wants to mate with Qh6+.} Qc2+ 36. Kg1 {[%emt 0:00:14] Weighted Error Value: White=0.07 (flawless) /Black=0.10 (very precise) .  Loses game:     	---       	Black=1      Mistake:       	White=1     	Black=1      Inaccurate:     	White=2     	Black=1      OK:         	White=7     	Black=9      Best:        	White=4     	Black=6      Strong:       	White=1     	Black=1      Brilliant:      	White=2     	---} 1/2-1/2

[Event "17th Paracin Open 2024"]
[Site "Paracin"]
[Date "2024.07.06"]
[Round "4.19"]
[White "Averin, Nikolay"]
[Black "Polschikov, Alexey"]
[Result "1-0"]
[ECO "B90"]
[WhiteElo "2250"]
[BlackElo "2376"]
[Annotator "TA"]
[PlyCount "115"]
[EventDate "2024.07.02"]
[EventType "swiss"]
[EventCountry "SRB"]
[SourceTitle "playchess.com"]
[Source "ChessBase"]
[SourceQuality "1"]
[TimeControl "5400+30"]

1. e4 c5 2. Nf3 d6 3. d4 cxd4 4. Nxd4 Nf6 5. Nc3 a6 6. Be3 e5 7. Nb3 Be6 8. f3 h5 9. a4 {[%emt 0:00:30] B90: Sicilian Najdorf: Unusual White 6th moves, 6 Be3 Ng4 and 6 Be3 e5.} Nbd7 10. Be2 Rc8 11. a5 Qc7 12. O-O Qc6 $146 ({Predecessor:} 12... Be7 13. h3 Qc6 14. Nd2 d5 15. exd5 Bxd5 16. Bg5 Be6 17. f4 e4 18. f5 Bd5 {½-½ Mamedov,N (2460)-Areshchenko,A (2564) Moscow Aeroflot op-A 2004 (8)}) 13. Kh1 Be7 14. Qe1 g6 15. f4 Nxe4 16. Bf3 (16. fxe5 {looks sharper.} Nxc3 17. Nd4 Qd5 18. Bf3) 16... d5 17. Bxe4 dxe4 18. fxe5 Bxb3 19. cxb3 O-O 20. Ra4 Nxe5 21. Rxe4 Bd6 22. Bd4 f6 23. Ref4 (23. Re2 $11) 23... Bb8 24. Qe2 ({Better is} 24. Re4 $1 $15) 24... Rce8 (24... Ng4 $17 25. Re4 Nxh2) 25. Re4 Kh7 ({Black should try} 25... f5 $17 26. Re3 (26. Rxe5 Rxe5 27. Bxe5 Re8 $17) 26... Qd6 (26... Ng4 27. Re7 $17) 27. Bxe5 Rxe5 28. Rxe5 Qxe5 29. Qxe5 Bxe5) 26. h3 (26. b4 {with more complications.} f5 27. Re3 Nf7 28. Re1) 26... Re6 27. b4 Rfe8 28. b5 Qd6 29. Rd1 Nd3 30. Bg1 Rxe4 31. Nxe4 Rxe4 32. Qxd3 (32. Qxe4 $2 {gets mated.} Nf2+ 33. Bxf2 Qh2#) 32... Qxd3 33. Rxd3 Re7 $1 34. b6 h4 35. Bf2 g5 36. Kg1 Kg6 37. b4 f5 38. Bc5 Rf7 39. Kf2 g4 40. Rd8 Bg3+ 41. Ke2 Kg5 {[%emt 0:00:30] [#]} (41... Kf6 $11) 42. Rg8+ $1 $16 Kh5 $2 (42... Kf6 $16 {is more resistant.}) 43. Be3 $18 f4 44. hxg4+ Kh6 45. Bc5 Kh7 46. Rg5 Kh6 47. Rf5 Rd7 48. Rf8 Kg7 49. Re8 Kf7 50. Re4 Kf6 51. Rd4 Rh7 (51... f3+ {was called for.} 52. Kxf3 Rg7) 52. Kf3 $18 h3 (52... Be1 $142 53. Rd1 (53. Rxf4+ Kg6 $18) (53. Kxf4 Bg3+ 54. Ke4 Kg5 $18) 53... Bc3 54. Bd4+ (54. Kxf4 Be5+ 55. Ke3 Rg7 $18) 54... Bxd4) 53. gxh3 $18 Rxh3 54. Rd7 Ke5 55. Re7+ Kd5 56. Rxb7 Be1+ 57. Kxf4 Bd2+ 58. Kf5 1-0

[Event "17th Paracin Open 2024"]
[Site "Paracin"]
[Date "2024.07.06"]
[Round "4.20"]
[White "Mungunzul, Bat-Erdene"]
[Black "Dvalishvili, Pavel S."]
[Result "1/2-1/2"]
[ECO "E16"]
[WhiteElo "2116"]
[BlackElo "2366"]
[Annotator "RC"]
[PlyCount "115"]
[EventDate "2024.07.02"]
[EventType "swiss"]
[EventCountry "SRB"]
[SourceTitle "playchess.com"]
[Source "ChessBase"]
[SourceQuality "1"]
[TimeControl "5400+30"]

1. d4 Nf6 2. c4 e6 3. Nf3 b6 4. g3 Bb7 5. Bg2 Bb4+ 6. Bd2 Bxd2+ 7. Qxd2 O-O 8. Nc3 d5 9. cxd5 Nxd5 10. Ne5 Nd7 11. Nd3 N7f6 12. O-O Qe7 13. Rac1 a5 14. Rc2 c6 15. a3 Rfd8 16. Na4 Nd7 17. Rfc1 Rab8 18. Re1 Qd6 19. e4 Ne7 20. Qe3 Rbc8 21. Rec1 Ba6 22. e5 Qb8 23. Be4 Bb5 24. b3 Nd5 25. Qf3 h6 26. Nab2 Ne7 27. Nc4 Bxc4 28. Rxc4 c5 29. dxc5 bxc5 30. Qe3 Qxb3 31. R4c3 Qb8 32. Nxc5 Nxc5 33. Rxc5 Rxc5 34. Rxc5 a4 35. Kg2 Rc8 36. Ra5 Kf8 37. Qd4 g5 38. Qxa4 Kg7 39. Rb5 Qc7 40. Qb4 Ng6 41. a4 Qc4 42. a5 Qe2 43. Bf3 Qa2 44. Qb2 Qa4 45. Qb4 Qa1 46. Qb2 Qa4 47. a6 Rc2 48. Rb4 Qa2 49. Qxa2 Rxa2 50. Bb7 Nxe5 51. Rd4 g4 52. h3 h5 53. h4 Kf6 54. Kf1 Ke7 55. Bc8 Kf6 56. Bb7 Ke7 57. Bc8 Kf6 58. Bb7 1/2-1/2